 Dungeon Crawl Stone Soup version 0.23.2-40-g277498a001 (webtiles) character file.

Game seed: 12566253368785885325

3631 Philippstinkt the Slinger (level 10, -1/65 HPs)
             Began as a Halfling Hunter on Oct 3, 2019.
             Was a Priest of the Shining One.
             Slain by an orc warrior
             ... wielding a +0 halberd
              (13 damage)
             ... on level 8 of the Dungeon.
             The game lasted 01:47:12 (8669 turns).

Philippstinkt the Slinger (Halfling Hunter)         Turns: 8669, Time: 01:47:12

Health: -1/65      AC:  7    Str: 14    XL:     10   Next: 33%
Magic:  13/13      EV: 20    Int:  9    God:    the Shining One [***...]
Gold:   420        SH:  0    Dex: 18    Spells: 9/9 levels left

rFire    . . .     SeeInvis .   b - +1 hunting sling
rCold    . . .     Gourm    .   (shield restricted)
rNeg     + . .     Faith    +   c - +1 leather armour
rPois    .         Spirit   .   s - +1 helmet
rElec    .         Reflect  .   (no cloak)
rCorr    .         Harm     .   F - +0 pair of gloves
MR       +....                  (no boots)
Stlth    +.........             n - amulet of faith
HPRegen  0.20/turn              l - ring of protection from magic
MPRegen  0.13/turn              S - ring of flight

@: glowing
A: small, mutation resistance 1
a: Divine Shield, Renounce Religion, Evoke Flight


You were on level 8 of the Dungeon.
You worshipped the Shining One.
The Shining One was most pleased with you.
You were not hungry.

You visited 1 branch of the dungeon, and saw 8 of its levels.
You also visited: Sewer and Ossuary.

You collected 420 gold pieces.

Inventory:

Hand Weapons
 a - a +0 blowgun
 b - a +1 hunting sling (weapon)
 k - a +0 whip
 m - a +0 short sword
 r - a +4 mace of crushing
 C - a +0 short sword
 H - a +0 whip of electrocution
Missiles
 h - 9 tomahawks
 i - 131 stones (quivered)
 v - a throwing net
 R - 5 poisoned needles
Armour
 c - a +1 leather armour (worn)
 s - a +1 helmet (worn)
 F - a +0 pair of gloves (worn)
Jewellery
 l - a ring of protection from magic (left hand)
 n - an amulet of faith (around neck)
 B - an uncursed amulet of the acrobat
 S - a ring of flight (right hand)
 U - an uncursed amulet of the gourmand
Wands
 w - a wand of enslavement (19)
 Q - a wand of acid (6)
 T - a wand of polymorph (11)
Scrolls
 d - a scroll of enchant armour
 e - 5 scrolls of teleportation
 q - 2 scrolls of identify
 t - 3 scrolls of remove curse
 y - 3 scrolls of blinking {unknown}
 D - 3 scrolls of magic mapping {unknown}
 L - 2 scrolls of noise {unknown}
 M - 5 scrolls of random uselessness
 N - a scroll of vulnerability {unknown}
 P - a scroll of holy word {unknown}
Potions
 g - 3 potions of curing
 j - 5 potions of agility
 o - 2 potions of resistance {unknown}
 p - a potion of mutation {unknown}
 u - a potion of might
 x - 3 potions of ambrosia {unknown}
 z - 2 potions of heal wounds {unknown}
 A - 2 potions of flight
 G - 2 potions of berserk rage {unknown}
 I - 3 potions of brilliance
 J - a potion of lignification {unknown}
 O - a potion of haste {unknown}
Comestibles
 f - 17 rations


   Skills:
 + Level 4.7 Fighting
 - Level 1.9 Short Blades
 - Level 11.7(12.1) Slings
 + Level 3.1(6.2) Throwing
 - Level 4.0 Armour
 + Level 8.1 Dodging
 - Level 5.0 Stealth
 * Level 4.4 Invocations
 + Level 2.1 Evocations


You had 9 spell levels left.
You didn't know any spells.
Your spell library contained the following spells:

 Spells                   Type           Power        Failure   Level  Hunger
 Animate Skeleton         Necr           N/A          45%         1    ##.....
 Apportation              Tloc           #.....       45%         1    ##.....
 Confusing Touch          Hex            #.....       45%         1    ##.....
 Summon Small Mammal      Summ           #...         45%         1    ##.....


Dungeon Overview and Level Annotations

Branches:
Dungeon (8/15)             Temple (0/1) D:4
   Lair: D:8-11

Altars:
Dithmenos
Elyvilon
Fedhas
Gozag
Kikubaaqudgha
Makhleb
Okawaru
Sif Muna
Wu Jian
Xom
The Shining One


Innate Abilities, Weirdness & Mutations

You are small and have problems with some larger weapons.
You are somewhat resistant to further mutation.


Message History

Aim: an orc, wielding a +0 hand axe and wearing a +0 ring mail (haloed)
You shoot a stone. The stone barely misses the orc.
The stone completely misses the orc warrior.
The orc warrior hits you from afar with a +0 halberd!
The orc barely misses you.
Firing (i - inventory. (/) - cycle)
i - 133 stones (quivered)
Press: ? - help, Shift-Dir - straight line, f - orc warrior, p - orc
Aim: an orc warrior, wielding a +0 halberd and wearing a +0 chain mail (moderately wounded, haloed)
You shoot a stone. The stone hits the orc.
The orc is moderately wounded.
Firing (i - inventory. (/) - cycle)
i - 132 stones (quivered)
Press: ? - help, Shift-Dir - straight line, f/p - orc warrior
Aim: an orc warrior, wielding a +0 halberd and wearing a +0 chain mail (moderately wounded, haloed)
You shoot a stone. The stone hits the orc.
The orc is severely wounded.
The orc warrior hits you from afar with a +0 halberd!!
* * * LOW HITPOINT WARNING * * *
The orc completely misses you.
The orc warrior hits you from afar with a +0 halberd!
You die...

# # ###.#.#
.(.(..#
#####)(..###
#..)@oo....(
#.####(#.###
#


You could see an orc warrior and an orc.

Vanquished Creatures
  Pikel (D:5)
  Grinder (D:3)
  A wyvern (D:8)
  Menkaure (D:5)
  A warg (D:7)
  A sky beast (D:6)
  Purgy (Sewer)
  2 orc warriors
  An ice beast (D:5)
  A phantom (D:6)
  3 ogres (D:7)
  A centaur (D:7)
  Blork the orc (D:5)
  4 bullfrogs
  3 scorpions
  A killer bee (D:7)
  2 howler monkeys (D:4)
  7 hounds
  2 human zombies (Ossuary)
  6 orc priests
  2 iguanas
  Natasha (twice) (D:2)
  10 orc wizards
  A worker ant (D:7)
  A big kobold zombie (Ossuary)
  3 mummies
  Robin (D:3)
  6 adders
  A shadow imp (D:7)
  2 adder skeletons
  5 worms
  4 dart slugs
  4 leopard geckos
  25 orcs
  10 bats
  4 giant cockroaches
  15 goblins
  5 hobgoblins
  14 jackals
  9 kobolds
  2 quokkas
  4 ball pythons
  3 frilled lizards
  A goblin zombie (Ossuary)
  2 hobgoblin zombies (Ossuary)
  2 kobold zombies (Ossuary)
  A leopard gecko skeleton (D:7)
  A leopard gecko zombie (D:7)
  6 rats
187 creatures vanquished.

Vanquished Creatures (others)
  An orc (D:8)
1 creature vanquished.

Grand Total: 188 creatures vanquished

Notes
Turn   | Place    | Note
-------+----------+-------------------------------------------
     0 | D:1      | Philippstinkt the Halfling Hunter began the quest for the
                  | Orb.
     0 | D:1      | Reached XP level 1. HP: 14/14 MP: 1/1
   112 | D:1      | Reached skill level 6 in Slings
   112 | D:1      | Reached XP level 2. HP: 19/19 MP: 2/2
   283 | D:1      | Reached skill level 1 in Short Blades
   646 | D:1      | Reached XP level 3. HP: 24/24 MP: 3/3
  1059 | D:2      | Noticed Natasha
  1203 | D:2      | Killed Natasha
  1203 | D:2      | Reached XP level 4. HP: 19/29 MP: 4/4
  1648 | D:2      | Noticed Natasha
  1656 | D:2      | Killed Natasha
  1656 | D:2      | Reached XP level 5. HP: 25/34 MP: 5/5
  2264 | D:3      | Reached skill level 1 in Armour
  2320 | D:3      | Noticed Robin
  2333 | D:3      | Killed Robin
  2393 | D:3      | Noticed Grinder
  2404 | D:3      | Paralysed by Grinder for 3 turns
  2434 | D:3      | Killed Grinder
  2434 | D:3      | Reached skill level 7 in Slings
  2434 | D:3      | Reached XP level 6. HP: 24/39 MP: 6/6
  2602 | D:3      | Found a glowing golden altar of the Shining One.
  2609 | D:3      | Became a worshipper of the Shining One
  2737 | D:3      | Reached XP level 7. HP: 44/44 MP: 7/7
  2743 | D:3      | Found a deep blue altar of Sif Muna.
  3146 | D:4      | Reached skill level 8 in Slings
  3309 | D:4      | Found an ancient bone altar of Kikubaaqudgha.
  3355 | D:4      | Found a staircase to the Ecumenical Temple.
  3422 | D:4      | Found a glowing drain.
  3459 | Sewer    | Entered a sewer
  3697 | Sewer    | Noticed Purgy
  3707 | Sewer    | Killed Purgy
  3707 | Sewer    | Reached skill level 5 in Dodging
  3707 | Sewer    | Reached skill level 5 in Stealth
  3707 | Sewer    | Reached XP level 8. HP: 23/49 MP: 8/8
  4130 | D:4      | Found an opulent altar of Gozag.
  4323 | D:5      | Entered Level 5 of the Dungeon
  4340 | D:5      | Noticed Pikel
  4714 | D:5      | Noticed Menkaure
  4734 | D:5      | Killed Menkaure
  4734 | D:5      | Reached skill level 9 in Slings
  5025 | D:5      | Found a shadowy altar of Dithmenos.
  5163 | D:5      | Noticed Blork the orc
  5170 | D:5      | Killed Blork the orc
  5247 | D:5      | Found a white marble altar of Elyvilon.
  5265 | D:5      | Found an ornate altar of the Wu Jian Council.
  5268 | D:5      | Found an iron altar of Okawaru.
  5273 | D:5      | Found a blossoming altar of Fedhas.
  5420 | D:5      | Killed Pikel
  5420 | D:5      | Reached skill level 10 in Slings
  5420 | D:5      | Reached XP level 9. HP: 38/57 MP: 9/9
  5683 | D:5      | Reached * piety under the Shining One
  5854 | D:6      | Found a sand-covered staircase.
  5874 | Ossuary  | Entered an ossuary
  6055 | Ossuary  | Reached ** piety under the Shining One
  6095 | Ossuary  | Reached skill level 1 in Throwing
  6262 | D:6      | Reached skill level 11 in Slings
  6359 | D:6      | Reached skill level 1 in Invocations
  7632 | D:7      | Found a shimmering altar of Xom.
  7632 | D:7      | Found a shimmering altar of Xom.
  7633 | D:7      | Found a shimmering altar of Xom.
  7667 | D:7      | Reached *** piety under the Shining One
  7693 | D:7      | Reached XP level 10. HP: 63/63 MP: 10/12
  7738 | D:7      | Reached skill level 1 in Evocations
  7754 | D:7      | Found a burning altar of Makhleb.
  8154 | D:7      | Noticed an ice dragon
  8558 | D:7      | Noticed a spiny frog
  8669 | D:8      | Slain by an orc warrior

Skill      XL: |  1  2  3  4  5  6  7  8  9 10 |
---------------+-------------------------------+-----
Slings         | 6 7 8 10 11 | 11.7
Short Blades   | 1 |  1.9
Stealth        | 2 3 4 5 |  5.0
Dodging        | 3 4 5 7 8 |  8.1
Armour         | 2 3 4 |  4.0
Fighting       | 3 4 |  4.7
Throwing       | 2 3 |  3.1
Invocations    | 2 4 |  4.4
Evocations     | 2 |  2.1

Action                   |  1- 3 |  4- 6 |  7- 9 | 10-12 || total
-------------------------+-------+-------+-------+-------++-------
Melee: Hunting sling     |       |       |     1 |       ||     1
 Fire: Hunting sling     |    61 |   144 |   491 |   119 ||   815
       Blowgun           |       |       |    11 |     3 ||    14
Invok: Divine Shield     |       |       |       |     1 ||     1
Evoke: Wand              |       |       |       |     1 ||     1
  Use: Scroll            |       |     3 |     8 |     2 ||    13
       Potion            |       |       |     2 |       ||     2
  Eat: Ration            |       |     1 |     3 |     1 ||     5
       Chunk             |       |     2 |     4 |     1 ||     7
Armor: Leather armour    |       |     7 |    28 |     8 ||    43
Dodge: Dodged            |     1 |    21 |   136 |    52 ||   210
Block: Other             |       |       |       |     2 ||     2
